 Dungeon Crawl Stone Soup version bcrawl-1.31 (webtiles) character file.

Game seed: 4671509795879512914

222003 RaHiT the Magician (level 8, -6/48 HPs)
             Began as a Skeleton Archaeologist on Mar 27, 2021.
             Mangled by an ogre
             ... wielding a +0 giant club
              (20 damage)
             ... on level 6 of the Dungeon.
             The game lasted 00:33:16 (5860 turns).

RaHiT the Magician (Skeleton Archaeologist)         Turns: 5860, Time: 00:33:17

Health: -6/48      AC:  9    Str: 17      XL:     8   Next: 46%
Magic:  0/24       EV: 12    Int: 16      God:
Gold:   424        SH:  0    Dex:  6 (7)  Spells: 11/17 levels left

rFire    + . .     SeeInvis .   a - +0 hand axe
rCold    + . .     Gourm    .   (no shield)
rNeg     + + +     Faith    .   z - +0 troll leather armour
rPois    ∞         Spirit   +   d - +1 hat
rElec    .         Reflect  .   (no cloak)
rCorr    .         Harm     .   c - +0 pair of gloves
MR       +....                  e - +1 pair of boots
Stlth    ++........             (no amulet)
HPRegen  0.56/turn              k - ring of magical power
MPRegen  0.19/turn              v - ring of protection from fire

@: studying Axes
A: no food or potions, cold resistance 1, deterioration 1, negative energy
resistance 3, powered by death 1, torment resistance, unbreathing, magic shield,
sturdy frame 1, spell healing
a: no special abilities


You were on level 6 of the Dungeon.
You were not hungry.

You visited 2 branches of the dungeon, and saw 7 of its levels.

You collected 424 gold pieces.

Inventory:

Hand Weapons
 a - a +0 hand axe (weapon)
 b - a +0 blowgun
 y - a cursed -1 dagger
 A - a +0 mace of protection
 B - a cursed -2 hunting sling
 C - a +0 war axe
Missiles
 f - a curare-tipped needle
 h - 190 bolts
 j - 1298 stones
 l - 131 poisoned needles
 o - 903 arrows
 p - 929 sling bullets
 r - 76 poisoned tomahawks
 u - a throwing net (quivered) {=f}
Armour
 c - a +0 pair of gloves (worn)
 d - a +1 hat (worn)
 e - a +1 pair of boots (worn)
 z - a +0 troll leather armour (worn)
 D - a +2 robe of magic resistance
Jewellery
 k - a ring of magical power (left hand)
 v - a ring of protection from fire (right hand)
Wands
 E - a wand of iceblast (9)
Scrolls
 g - 4 scrolls of magic mapping
 m - 2 scrolls of blinking
 n - 3 scrolls of teleportation
 q - 2 scrolls of enchant armour
 s - a scroll of amnesia {unknown}
 t - a scroll of immolation {unknown}
 w - 4 scrolls of remove curse
 x - 2 scrolls of noise {unknown}


   Skills:
 + Level 4.1 Fighting
 + Level 4.4(4.6) Axes
 - Level 1.2(3.1) Maces & Flails
 + Level 3.5 Throwing
 + Level 4.3 Armour
 + Level 4.1 Dodging
 - Level 3.6 Stealth
 + Level 5.2 Spellcasting
 + Level 2.1 Summonings
 + Level 3.6 Evocations


You had 11 spell levels left.
You knew the following spells:

 Your Spells              Type           Power        Failure   Level  Hunger
a - Corona                Hex            #......      16%         1    N/A
b - Summon Lightning Spi  Summ/Air       #.......     95%         5    N/A

Your spell library contained the following spells:

 Spells                   Type           Power        Failure   Level  Hunger
 Summon Small Mammal      Summ           ##..         6%          1    N/A
 Call Imp                 Summ           ##....       10%         2    N/A
 Call Canine Familiar     Summ           ##......     19%         3    N/A
 Ensorcelled Hibernation  Hex/Ice        #.....       24%         2    N/A
 Confuse                  Hex            #.......     43%         3    N/A
 Dazzling Orbs            Conj/Hex       #......      43%         3    N/A
 Tukima's Dance           Hex            #.......     43%         3    N/A
 Summon Ice Beast         Ice/Summ       #.......     69%         4    N/A
 Cause Fear               Hex            #.........   83%         4    N/A

Dungeon Overview and Level Annotations

Branches:
Dungeon (6/12)             Temple (1/1) D:5

Altars:
Ashenzari
Cheibriados
Dithmenos
Elyvilon
Fedhas
Hepliaklqana
Kikubaaqudgha
Lugonu
Makhleb
Nemelex Xobeh
Okawaru
Qazlal
Ru
Sif Muna
Trog
Uskayaw
Wu Jian
Xom
Yredelemnul
Zin
The Shining One

Shops:
D:5 *

Annotations:
D:4 2 runed translucent doors, Grinder; yrara's ghost, amateur DsFi
D:5 exclusion: 2 doors


Innate Abilities, Weirdness & Mutations

You do not eat or drink.
You are immune to poison.
Your flesh is cold resistant. (rC+)
Your body sometimes deteriorates upon taking damage.
You are immune to negative energy. (rN+++)
You regenerate a little health from kills.
You are immune to unholy pain and torment.
You can survive without breathing.
When hurt, damage is shared between your health and your magic reserves.
Your movements are slightly less encumbered by armour. (ER -2)
Casting spells heals you.


Message History

The bullfrog hits you.
You closely miss the bullfrog.
The bullfrog is severely wounded.
The bullfrog closely misses you. The bullfrog hits you!
You hit the bullfrog.
The bullfrog is severely wounded.
The bullfrog hits you. The bullfrog closely misses you.
You slash the bullfrog!
You kill the bullfrog!
You hit the ogre.
The ogre is lightly wounded.
The ogre hits you with a +0 giant club!!
* * * LOW HITPOINT WARNING * * *
Throwing (i - inventory. (/) - cycle)
u - 2 throwing nets (quivered)
{=f}
Press: ? - help, Shift-Dir - straight line, f - ogre
Aim: an ogre, wielding a +0 giant club (lightly wounded)
You throw a throwing net {=f}.
The throwing net {=f} barely misses the ogre.
The ogre hits you with a +0 giant club!!
You die...

#......###
#........#
########.#
#.#
#####.#
#(....#
#.#####
#O# #@#
#.# #)#
#.# #.#
#.# #)#
#.# #.#


You could see an ogre.

Vanquished Creatures
  A troll (D:5)
  Sigmund (D:3)
  Duvessa (D:6)
  A sky beast (D:6)
  An ogre (D:4)
  A phantom (D:3)
  A centaur (D:5)
  A bullfrog (D:6)
  Dowan (D:6)
  A howler monkey (D:2)
  A crimson imp (D:4)
  A bullfrog zombie (D:5)
  A jelly (D:5)
  An orc priest (D:3)
  A centaur skeleton (D:4)
  An orc wizard (D:5)
  An iguana (D:4)
  3 worker ants
  3 gnolls
  5 adders
  3 oozes
  4 worms
  3 dart slugs
  5 leopard geckos
  7 orcs
  9 bats
  12 goblins
  11 hobgoblins
  12 jackals
  5 quokkas
  8 frilled lizards
  A jackal skeleton (D:4)
  6 kobolds
  7 rats
121 creatures vanquished.

Notes
Turn   | Place    | Note
-------+----------+-------------------------------------------
     0 | D:1      | RaHiT the Skeleton Archaeologist began the quest for the
                  | Orb.
     0 | D:1      | Reached XP level 1. HP: 12/12 MP: 1/1
    77 | D:1      | Reached XP level 2. HP: 6/16 MP: 0/3
   230 | D:1      | Reached skill level 1 in Spellcasting
   258 | D:1      | Reached skill level 1 in Armour
   490 | D:1      | Reached XP level 3. HP: 20/20 MP: 5/5
   533 | D:1      | Reached skill level 1 in Throwing
   683 | D:1      | Reached skill level 1 in Evocations
  1319 | D:2      | Reached skill level 2 in Spellcasting
  1319 | D:2      | Reached XP level 4. HP: 17/26 MP: 7/7
  2048 | D:1      | Reached XP level 5. HP: 21/30 MP: 8/8
  2048 | D:1      | Identified a scroll of acquirement
  2059 | D:2      | Identified the +0 pair of gloves of Minuz Wai {+Inv rCorr}
                  | (You acquired it on level 2 of the Dungeon)
  2059 | D:2      | Identified the ring "Ximu Yplili" {rElec rCorr} (You
                  | acquired it on level 2 of the Dungeon)
  3084 | D:3      | Noticed Sigmund
  3106 | D:3      | Killed Sigmund
  3107 | D:3      | Reached skill level 3 in Spellcasting
  3107 | D:3      | Gained mutation: You regenerate a little health from kills.
                  | [Skeleton growth]
  3107 | D:3      | Reached XP level 6. HP: 33/36 MP: 11/11
  3777 | D:4      | Found a large runed translucent door.
  3777 | D:4      | Found a large runed translucent door.
  3777 | D:4      | Noticed yrara's ghost (amateur DsFi)
  3790 | D:4      | Reached skill level 4 in Spellcasting
  3790 | D:4      | Reached XP level 7. HP: 37/41 MP: 13/13
  3832 | D:4      | Reached skill level 1 in Axes
  3860 | D:4      | Noticed Grinder
  4317 | D:4      | HP: 1/41 [iguana (7)]
  4515 | D:5      | Entered Level 5 of the Dungeon
  4570 | D:5      | Found Caicw's Lightly-Used Armoury.
  4674 | D:5      | Found a staircase to the Ecumenical Temple.
  4685 | Temple   | Entered the Ecumenical Temple
  4853 | D:5      | Learned a level 1 spell: Corona
  4859 | D:5      | Learned a level 5 spell: Summon Lightning Spire
  4923 | D:5      | Noticed a troll
  4951 | D:5      | Killed a troll
  5025 | D:5      | Reached skill level 1 in Summonings
  5118 | D:5      | Reached XP level 8. HP: 29/48 MP: 15/15
  5715 | D:6      | Reached skill level 5 in Spellcasting
  5753 | D:6      | Noticed Duvessa
  5789 | D:6      | Noticed Dowan
  5808 | D:6      | Killed Dowan
  5818 | D:6      | Killed Duvessa
  5860 | D:6      | Mangled by an ogre

Skill      XL: |  1  2  3  4  5  6  7  8 |
---------------+-------------------------+-----
Spellcasting   | 1 2 3 4 5 |  5.2
Armour         | 1 2 3 4 |  4.3
Throwing       | 1 2 3 |  3.5
Evocations     | 1 2 3 |  3.6
Fighting       | 2 3 4 |  4.1
Axes           | 3 4 |  4.4
Summonings     | 1 2 |  2.1
Dodging        | 4 |  4.1
Maces & Flails | |  1.2
Stealth        | |  3.6

Action                   |  1- 3 |  4- 6 |  7- 9 || total
-------------------------+-------+-------+-------++-------
Melee: Whip              |   193 |   202 |       ||   395
       Mace              |       |   130 |   163 ||   293
       Hand axe          |       |       |    25 ||    25
 Fire: Blowgun           |       |    15 |    32 ||    47
Throw: Stone             |     1 |    19 |       ||    20
       Throwing net      |       |       |     1 ||     1
Evoke: Wand              |       |       |     2 ||     2
  Use: Scroll            |     1 |     3 |     3 ||     7
 Stab: Sleeping          |     6 |     3 |     4 ||    13
Armor: Robe              |    55 |   117 |    45 ||   217
       Troll leather arm |       |       |    48 ||    48
Dodge: Dodged            |   133 |   249 |   129 ||   511
